 Dungeon Crawl Stone Soup version 0.22-a0-512-g0943f25 (webtiles) character file.

71806 Jivvin the Brawler (level 14, -2/234 HPs)
             Began as a Troll Berserker on June 18, 2018.
             Was a High Priest of Trog.
             Slain by a sixfirhy (12 damage)
             ... summoned by an orc high priest
             ... on level 2 of the Orcish Mines.
             The game lasted 00:27:00 (21022 turns).

Jivvin the Brawler (Troll Berserker)               Turns: 21022, Time: 00:27:01

Health: -2/234     AC: 15    Str: 37    XL:     14   Next: 99%
Magic:  0/15       EV: 10    Int:  3    God:    Trog [*****.]
Gold:   1473       SH:  0    Dex:  7    Spells: 13/13 levels left

rFire    + + .     SeeInvis .     - Unarmed
rCold    + . .     Gourm    +   (no shield)
rNeg     . . .     Faith    .   B - +3 troll leather armour
rPois    .         Spirit   +   (helmet restricted)
rElec    .         Reflect  .   j - scarf {rC+ rF+}
rCorr    .         Harm     .   (gloves unavailable)
MR       +....                  (boots unavailable)
Stlth    ..........             s - amulet of guardian spirit
HPRegen  1.29/turn              v - ring of protection from fire
MPRegen  0.14/turn              A - +4 ring of protection

@: berserking, drained, very quick
A: large, unfitting armour, claws 3, horns 1, clumsy 1, fast metabolism 3,
gourmand, high mp 2, regeneration 1, shaggy fur 1, tough skin 2
a: Berserk, Trog's Hand, Brothers in Arms, Renounce Religion


You were on level 2 of the Orcish Mines.
You worshipped Trog.
Trog was extremely pleased with you.
You were not hungry.

You visited 3 branches of the dungeon, and saw 21 of its levels.
You also visited: Labyrinth and Ice Cave.

You collected 1869 gold pieces.
You spent 396 gold pieces at shops.

Inventory:

Armour
 j - a scarf of resistance (worn)
 B - a +3 troll leather armour (worn)
Jewellery
 a - a +5 ring of dexterity {unknown}
 k - an uncursed ring of positive energy
 s - an amulet of guardian spirit (around neck)
 v - a ring of protection from fire (left claw)
 A - a +4 ring of protection (right claw)
Wands
 d - a wand of iceblast (37)
 f - a wand of scattershot (6)
 h - a wand of polymorph (9)
 l - a wand of disintegration (46)
 u - a wand of clouds (5)
 x - a wand of digging (9)
 z - a wand of acid (20)
 E - a wand of paralysis (21)
 G - a wand of random effects (37)
Scrolls
 c - 15 scrolls of remove curse
 i - 5 scrolls of fear
 m - 5 scrolls of teleportation
 p - 3 scrolls of identify
 w - a scroll of magic mapping
 y - a scroll of silence
Potions
 e - 2 potions of berserk rage
 g - 7 potions of lignification
 n - a potion of invisibility
 o - 5 potions of flight
 q - 5 potions of curing
 r - a potion of ambrosia
 t - a potion of brilliance
 C - a potion of might
Comestibles
 b - 37 rations


   Skills:
 - Level 14.1(13.7) Fighting
 - Level 6.0(5.7) Armour
 - Level 2.4(2.1) Dodging
 + Level 18.4(18.0) Unarmed Combat


You had 13 spell levels left.
You didn't know any spells.
Your spell library was empty.

Dungeon Overview and Level Annotations

Branches:
Dungeon (13/15)            Temple (0/1) D:6            Lair (6/6) D:11
  Swamp (0/4) Lair:2       Spider (0/4) Lair:2        Slime (0/5) Lair:5
    Orc (2/2) D:11            Elf (0/3) Orc:2
 Vaults: D:13-14

Altars:
Cheibriados
Fedhas
Makhleb
Trog
Vehumet
The Shining One
Beogh

Shops:
D:6 =   Orc:2 :

Annotations:
D:13 1 runed door


Innate Abilities, Weirdness & Mutations

You are too large for most types of armour.
You have claws for hands.
Your metabolism is lightning-fast.
You like to eat raw meat.
Your natural rate of healing is unusually fast.
You are covered in fur. (AC +1)
You have very tough skin. (AC +2)
You have a pair of small horns on your head.
You are clumsy. (Dex -2)
You have a considerably increased reservoir of magic. (+20% MP)


Message History

An orc wizard comes into view. It is wielding a dagger.
Unknown command.
You closely miss the sixfirhy. Your headbutt misses the sixfirhy.
The sixfirhy is almost dead.
The red devil hits you but does no damage.
You miss the sixfirhy. Your claw misses the sixfirhy.
The sixfirhy is almost dead.
The orc wizard looks satisfied for a moment.
You closely miss the sixfirhy.
The sixfirhy is almost dead.
The orc high priest seems to regain its courage.
You scratch the sixfirhy. Your headbutt misses the sixfirhy.
The sixfirhy is almost dead.
The red devil hits you from afar with a trident.
* * * LOW HITPOINT WARNING * * *
Unknown command.
The sixfirhy hits you!
* * * LOW HITPOINT WARNING * * *
The sixfirhy shocks you!
You die...

.................... .#
..............#.#.###.#
...................#..#
......................#
..................##..#
.................###..#
#...............#.#...#
.........)).)......#..#
..........<))...@3....##
...........).......o...##
.##................4....######
##................#....o...o..
........)..#......##.)[......o
#..>...).#.#..................
##.#...)#..........#..........
####....#....................
#..........................


You could see a sixfirhy, a red devil, an orc warrior and an orc wizard.

Vanquished Creatures
  Kirke (D:13)
  An angel (D:13)
  The ghost of Deidwar the Blocker, a journeyman GnFi of Okawaru (Lair:3)
  A minotaur (Lab)
  3 hydras
  An ice dragon (Lair:5)
  2 centaur warriors
  Erica (D:9)
  The ghost of PseudoLoneWolf the Archer, a novice CeAM of Okawaru (D:7)
  2 two-headed ogres
  A deep elf knight (D:12)
  Nergalle (D:11)
  3 skeletal warriors
  A spectral death yak (Lair:3)
  An orc knight (Orc:1)
  An orc sorcerer (Orc:2)
  6 ugly things
  A wolf spider (Lair:6)
  An oklob plant (Lair:4)
  9 black mambas
  10 elephants (Lair:6)
  2 ice statues
  A guardian serpent (Lair:6)
  8 gargoyles (Lab)
  13 spiny frogs
  A torpor snail (Lair:6)
  2 rime drakes
  7 komodo dragons
  5 trolls
  A polar bear (Lair:6)
  A tengu conjurer (D:13)
  3 meliai (Lair:4)
  A queen bee (Lair:4)
  4 hornets
  7 slime creatures
  2 spectral dream sheep (Lair:3)
  7 blink frogs
  10 hippogriffs
  6 dream sheep (Lair:6)
  Sigmund (D:4)
  A vampire (D:12)
  3 redbacks (Lair:6)
  5 basilisks
  A spriggan (D:8)
  8 wyverns (Lair:6)
  35 yaks
  2 wraiths (D:12)
  3 hungry ghosts
  A spectral komodo dragon (Lair:3)
  A hog (D:13)
  2 death yak simulacra (Lair:3)
  Grum (D:8)
  An acid dragon (D:10)
  A spectral spiny frog (Lair:3)
  7 insubstantial wisps (Lair:2)
  2 wargs
  A hydra simulacrum (Lair:3)
  17 water moccasins
  8 porcupines
  22 orc warriors
  14 ice beasts
  A sky beast (D:8)
  An eye of draining (D:12)
  2 black bears (D:13)
  5 phantoms
  A necrophage (D:12)
  11 ogres
  3 wolves (D:8)
  11 centaurs
  13 crocodiles
  2 big kobolds
  9 bullfrogs
  A water moccasin zombie (D:12)
  A wyvern skeleton (D:10)
  4 scorpions
  31 killer bees
  13 wights
  A howler monkey (D:12)
  2 electric eels (Lair:4)
  11 jellies
  6 crimson imps
  A bullfrog zombie (D:12)
  4 centaur zombies
  A bullfrog skeleton (D:6)
  22 orc priests
  A gnoll shaman (D:6)
  5 hounds
  Crazy Yiuf (D:7)
  2 centaur skeletons
  2 iguanas
  16 orc wizards
  15 worker ants
  A hound zombie (D:11)
  A hound skeleton (D:5)
  4 worker ant zombies
  12 gnolls
  11 adders
  4 white imps (Lair:6)
  13 oozes
  An adder zombie (D:6)
  An adder skeleton (D:4)
  3 worms
  A dart slug (D:3)
  5 leopard geckos
  66 orcs
  A ball python (D:2)
  4 bats
  10 giant cockroaches
  7 goblins
  4 hobgoblins
  10 jackals
  3 quokkas
  4 frilled lizards
  A giant cockroach zombie (D:4)
  A jackal skeleton (D:2)
  A jackal zombie (D:6)
  18 kobolds
  A quokka skeleton (D:4)
  A rat (D:2)
  2 fungi (D:7)
  2 plants
659 creatures vanquished.

Vanquished Creatures (collateral kills)
  A hydra (Lair:2)
  A death yak (D:13)
  2 slime creatures (D:12)
  2 ice statues (IceCv)
  3 polar bears (D:13)
  3 hippogriffs (D:13)
  A yak (D:13)
  3 hogs (D:13)
  An ice beast (D:13)
  An ogre (D:12)
  2 bullfrogs (Lair:2)
20 creatures vanquished.

Vanquished Creatures (others)
  A yak (D:13)
  3 humans (D:13)
  A black bear (D:13)
  A scorpion (D:13)
  A bush (Lair:6)
  21 fungi
  7 plants (Lair:6)
35 creatures vanquished.

Grand Total: 714 creatures vanquished

Notes
Turn   | Place    | Note
-------+----------+-------------------------------------------
     0 | D:1      | Jivvin the Troll Berserker began the quest for the Orb.
     0 | D:1      | Reached XP level 1. HP: 22/22 MP: 0/0
    73 | D:2      | Found a snail-covered altar of Cheibriados.
   104 | D:2      | Reached XP level 2. HP: 29/29 MP: 1/1
   223 | D:2      | Noticed an ogre
   233 | D:2      | Killed an ogre
   233 | D:2      | Reached skill level 4 in Unarmed Combat
   233 | D:2      | Reached XP level 3. HP: 37/37 MP: 2/2
   233 | D:2      | Reached XP level 4. HP: 45/45 MP: 3/3
   237 | D:2      | Reached ** piety under Trog
   586 | D:3      | Reached skill level 5 in Unarmed Combat
   645 | D:3      | Reached XP level 5. HP: 37/53 MP: 4/4
   650 | D:3      | Gained mutation: You evolve. [potion of mutation]
   650 | D:3      | Gained mutation: You are dopey. (Int -2) [potion of mutation]
   650 | D:3      | Gained mutation: Your flesh is heat resistant. (rF+) [potion of mutation]
  1434 | D:4      | Reached *** piety under Trog
  1465 | D:4      | Noticed a centaur
  1467 | D:4      | Found a blossoming altar of Fedhas.
  1471 | D:4      | Killed a centaur
  1471 | D:4      | Reached skill level 6 in Unarmed Combat
  1471 | D:4      | Reached XP level 6. HP: 46/62 MP: 5/5
  1603 | D:4      | Noticed Sigmund
  1614 | D:5      | Entered Level 5 of the Dungeon
  1852 | D:4      | Killed Sigmund
  1852 | D:4      | Reached XP level 7. HP: 70/70 MP: 6/6
  1861 | D:4      | Lost mutation: You are dopey. (Int -2) [potion of mutation]
  1861 | D:4      | Lost mutation: You evolve. [potion of mutation]
  1861 | D:4      | Gained mutation: You are frail. (-10% HP) [potion of mutation]
  1861 | D:4      | Gained mutation: You have an increased reservoir of magic. (+10% MP) [potion of mutation]
  1861 | D:4      | Gained mutation: You are clumsy. (Dex -2) [potion of mutation]
  1861 | D:4      | Gained mutation: You have a pair of small horns on your head. [potion of mutation]
  2059 | D:4      | Reached skill level 7 in Unarmed Combat
  2451 | D:4      | Found a bloodstained altar of Trog.
  3124 | D:5      | Reached skill level 8 in Unarmed Combat
  3233 | D:5      | Reached skill level 5 in Fighting
  3233 | D:5      | Reached XP level 8. HP: 60/72 MP: 7/7
  3417 | D:5      | Reached **** piety under Trog
  3418 | D:5      | Found a radiant altar of Vehumet.
  3422 | D:5      | Found a burning altar of Makhleb.
  3578 | D:6      | Reached skill level 9 in Unarmed Combat
  3580 | D:6      | Received a gift from Trog
  3622 | D:6      | Found a staircase to the Ecumenical Temple.
  4118 | D:6      | Reached skill level 10 in Unarmed Combat
  4160 | D:6      | Found Wiuce's Jewellery Shoppe.
  4431 | D:6      | Reached XP level 9. HP: 79/80 MP: 8/8
  4896 | D:7      | Found a runed door.
  4935 | D:7      | Noticed Crazy Yiuf
  4940 | D:7      | Killed Crazy Yiuf
  4999 | D:7      | Found a runed door.
  5003 | D:7      | Noticed PseudoLoneWolf's ghost (novice CeAM)
  5235 | D:7      | Killed PseudoLoneWolf's ghost
  5235 | D:7      | Reached skill level 11 in Unarmed Combat
  5730 | D:8      | Reached ***** piety under Trog
  5734 | D:8      | Reached XP level 10. HP: 91/91 MP: 10/10
  5737 | D:8      | Reached skill level 12 in Unarmed Combat
  5880 | D:8      | Received a gift from Trog
  5989 | D:8      | Noticed Grum
  5995 | D:8      | Killed Grum
  7014 | D:6      | Bought a +4 ring of protection for 396 gold pieces
  7695 | D:9      | Noticed Erica
  7702 | D:9      | Killed Erica
  7702 | D:9      | Reached skill level 13 in Unarmed Combat
  7824 | D:9      | Lost mutation: You have a pair of small horns on your head. [potion of mutation]
  7824 | D:9      | Lost mutation: You are frail. (-10% HP) [potion of mutation]
  7824 | D:9      | Lost mutation: Your flesh is heat resistant. (rF+) [potion of mutation]
  7824 | D:9      | Gained mutation: You have a considerably increased reservoir of magic. (+20% MP) [potion of mutation]
  7824 | D:9      | Gained mutation: You have a pair of small horns on your head. [potion of mutation]
  8159 | D:10     | Entered Level 10 of the Dungeon
  8374 | D:10     | Reached XP level 11. HP: 64/113 MP: 6/12
  8483 | D:10     | Reached skill level 14 in Unarmed Combat
  8576 | D:10     | Reached skill level 1 in Armour
  8708 | D:11     | Found a staircase to the Lair.
  9058 | D:11     | Found a burning altar of Makhleb.
  9096 | D:11     | Noticed Nergalle
  9106 | D:11     | Killed Nergalle
  9346 | D:11     | Found a staircase to the Orcish Mines.
  9359 | D:11     | Found a roughly hewn altar of Beogh.
  9372 | D:11     | Received a gift from Trog
  9807 | D:12     | Reached skill level 5 in Armour
  9851 | D:12     | Noticed a two-headed ogre
  9857 | D:12     | Killed a two-headed ogre
  9959 | D:12     | Noticed a skeletal warrior
  9959 | D:12     | Noticed a skeletal warrior
  9960 | D:12     | Noticed a skeletal warrior
 10056 | D:11     | Killed a skeletal warrior
 10059 | D:11     | Killed a skeletal warrior
 10419 | D:12     | Killed a skeletal warrior
 10488 | D:12     | Reached skill level 10 in Fighting
 10505 | D:12     | Reached XP level 12. HP: 126/126 MP: 9/13
 10703 | D:12     | Noticed a centaur warrior
 10719 | D:12     | Killed a centaur warrior
 10728 | D:12     | Received a gift from Trog
 10982 | D:13     | Noticed a centaur warrior
 10987 | D:13     | Killed a centaur warrior
 11089 | D:13     | Noticed a two-headed ogre
 11158 | D:13     | Killed a two-headed ogre
 11181 | D:13     | Found a runed door.
 11182 | D:13     | Noticed an angel
 11186 | D:13     | Found a glowing golden altar of the Shining One.
 11218 | D:13     | Killed an angel
 11607 | D:13     | Found a huge runed gate.
 11893 | D:13     | Found a huge runed gate.
 11893 | D:13     | Found a huge runed gate.
 11893 | D:13     | Found a huge runed gate.
 11893 | D:13     | Noticed a death yak
 11893 | D:13     | Noticed Kirke
 11903 | D:13     | Killed Kirke
 11903 | D:13     | Received a gift from Trog
 11903 | D:13     | Reached XP level 13. HP: 144/144 MP: 14/14
 12319 | Lair:1   | Entered Level 1 of the Lair of Beasts
 12471 | Lair:1   | Found a labyrinth entrance.
 12500 | Lab      | Entered a labyrinth
 13375 | Lab      | Noticed a minotaur
 13380 | Lab      | Killed a minotaur
 14309 | Lair:2   | Found a frozen archway.
 14340 | IceCv    | Entered an ice cave
 14569 | IceCv    | Found the cursed +13 scythe of Curses {drain, *Curse}
 14692 | Lair:2   | Paralysed by a hornet for 1 turns
 14703 | Lair:2   | Reached skill level 15 in Unarmed Combat
 14716 | Lair:2   | Found a hole to the Spider Nest.
 14843 | Lair:2   | Found a staircase to the Swamp.
 15280 | Lair:3   | Found a runed gate.
 15280 | Lair:3   | Found a runed gate.
 15280 | Lair:3   | Found a runed gate.
 15637 | Lair:3   | Noticed Deidwar's ghost (journeyman GnFi)
 16005 | Lair:3   | Killed Deidwar's ghost
 16022 | Lair:3   | Reached XP level 14. HP: 129/156 MP: 8/15
 16353 | Lair:4   | Received a gift from Trog
 16770 | Lair:4   | Reached skill level 16 in Unarmed Combat
 17664 | Lair:5   | Found a staircase to the Slime Pits.
 18459 | Lair:6   | Entered Level 6 of the Lair of Beasts
 18868 | Lair:6   | Reached skill level 17 in Unarmed Combat
 19207 | Lair:6   | Received a gift from Trog
 19325 | Lair:6   | Reached skill level 18 in Unarmed Combat
 20555 | Orc:1    | Entered Level 1 of the Orcish Mines
 20851 | Orc:2    | Entered Level 2 of the Orcish Mines
 20851 | Orc:2    | Found a staircase to the Elven Halls.
 20853 | Orc:2    | Found Qoromiod's Book Boutique.
 20918 | Orc:2    | Paralysed by an orc sorcerer for 5 turns
 21010 | Orc:2    | HP: 1/156 [sixfirhy[an orc high priest] (12)]
 21022 | Orc:2    | HP: 10/234 [sixfirhy[an orc high priest] (13)]
 21022 | Orc:2    | Slain by a sixfirhy

Vault maps used:
D:1:      dpeg_arrival_pits
D:2:      lemuel_coloured_pillars_altar, first_ration
D:3:      minmay_misc_feat_encased
D:4:      lightli_temple_of_fire, serial_forest, infiniplex_forest_3_way,
          infiniplex_forest_straight_3, infiniplex_forest_corner_2,
          infiniplex_forest_clump_small, infiniplex_forest_lined_room_2,
          hangedman_decor_clover_reticule, fedhas_bush_and_centaur_altar,
          uniq_sigmund
D:5:      grunt_temple_overflow_lords_of_destruction
D:6:      minmay_temple_entry_glass, serial_shops, kennysheep_mini_moat
D:7:      gammafunk_ghost_grave, uniq_crazy_yiuf_cottage
D:8:      grunt_pizzeria, kennysheep_crisscross, kennysheep_generic_room_8,
          uniq_grum
D:9:      uniq_erica
D:11:     david_lair_generic, minmay_orc_entry_temple_small,
          david_defended_altar_orc, uniq_nergalle
D:13:     lemuel_bear_cage, lemuel_angel_altar, uniq_kirke
Lair:1:   lab_entry_generic, infiniplex_staircase_pool
Lair:2:   minmay_swamp_entry_wisps, nicolae_spider_entry_non_spiders,
          portal_ice_cave_entry_pillars_1, enter_volcano_4, minivault_26
Lair:3:   gammafunk_ghost_necromancy
Lair:4:   lemuel_slime, special_room, grunt_megastairs_5, serial_bayou_shore_a
Lair:5:   minmay_slime_entry_pillars
Lair:6:   hangedman_lair_tendril_chambers, ice2_lemuel
Orc:2:    st_orc_mages, serial_shops, shop, led_sif_book
Lab:      nicolae_lab_diamond, nicolae_lab_very_dead_end, nicolae_lab_statue,
          nicolae_lab_stuck, nicolae_lab_grate_2, lab_statue, nicolae_lab_lava
IceCv:    ice_cave_statue_garden_chambered

Skill      XL: |  1  2  3  4  5  6  7  8  9 10 11 12 13 14 |
---------------+-------------------------------------------+-----
Fighting       | 3 4 5 6 7 8 10 13 14 | 14.1
Unarmed Combat | 4 5 6 8 10 11 13 14 15 18 | 18.4
Armour         | 6 |  6.0
Dodging        | |  2.4

Action                   |  1- 3 |  4- 6 |  7- 9 | 10-12 | 13-15 || total
-------------------------+-------+-------+-------+-------+-------++-------
Melee: Unarmed           |    49 |   131 |   260 |   579 |   784 ||  1803
       Punch             |     1 |     1 |     8 |    29 |    49 ||    88
       Headbutt          |       |       |    43 |   120 |   140 ||   303
Invok: Berserk           |       |     1 |     4 |    19 |    13 ||    37
       Trog's Hand       |       |       |       |     1 |     1 ||     2
       Brothers in Arms  |       |       |       |     6 |     3 ||     9
Evoke: Wand              |       |       |       |     1 |     4 ||     5
  Use: Scroll            |       |     4 |     9 |    12 |    13 ||    38
       Potion            |       |     2 |     2 |     2 |    10 ||    16
 Stab: Sleeping          |       |     1 |       |       |       ||     1
       Invisible         |       |       |       |     4 |     1 ||     5
       Distracted        |       |       |       |     1 |       ||     1
  Eat: Chunk             |     2 |    18 |    29 |    88 |    76 ||   213
       Ration            |       |       |     2 |     2 |     5 ||     9
Armor: Animal skin       |    20 |    23 |       |       |       ||    43
       Robe              |       |    18 |    78 |    48 |       ||   144
       Troll leather arm |       |       |       |   116 |   344 ||   460
Dodge: Dodged            |    24 |    54 |   119 |   227 |   342 ||   766

Table legend:
 A = Spawn XP
 B = Non-spawn XP
 C = Spawn XP percentage of total XP
 D = Spawn monster count
 E = Non-spawn monster count
 F = Spawn count percentage of total count
 G = Total turns spent on level
                    A         B        C        D         E        F      G
               +---------+---------+-------+---------+---------+-------+---------
         Total |       0 |  102581 |   0.0 |       0 |     676 |   0.0 | 21022
               +---------+---------+-------+---------+---------+-------+---------
           D:2 |       0 |     154 |   0.0 |       0 |      22 |   0.0 |   529
           D:3 |       0 |     150 |   0.0 |       0 |      30 |   0.0 |   880
           D:4 |       0 |     533 |   0.0 |       0 |      18 |   0.0 |  1155
           D:5 |       0 |     752 |   0.0 |       0 |      29 |   0.0 |   953
           D:6 |       0 |    1373 |   0.0 |       0 |      36 |   0.0 |  1459
           D:7 |       0 |    1603 |   0.0 |       0 |      13 |   0.0 |  1129
           D:8 |       0 |    3258 |   0.0 |       0 |      46 |   0.0 |  1319
           D:9 |       0 |    2264 |   0.0 |       0 |      21 |   0.0 |   733
          D:10 |       0 |    3485 |   0.0 |       0 |      33 |   0.0 |   698
          D:11 |       0 |    4888 |   0.0 |       0 |      33 |   0.0 |  1418
          D:12 |       0 |   10851 |   0.0 |       0 |      51 |   0.0 |   886
          D:13 |       0 |   13178 |   0.0 |       0 |      64 |   0.0 |  1310
        Lair:1 |       0 |    3573 |   0.0 |       0 |      16 |   0.0 |   991
        Lair:2 |       0 |    6164 |   0.0 |       0 |      32 |   0.0 |   877
        Lair:3 |       0 |    5214 |   0.0 |       0 |      17 |   0.0 |   689
        Lair:4 |       0 |    4274 |   0.0 |       0 |      51 |   0.0 |  1371
        Lair:5 |       0 |    7059 |   0.0 |       0 |      26 |   0.0 |  1091
        Lair:6 |       0 |   22728 |   0.0 |       0 |      81 |   0.0 |  1891
         Orc:1 |       0 |    2246 |   0.0 |       0 |      21 |   0.0 |   326
         Orc:2 |       0 |    1601 |   0.0 |       0 |      16 |   0.0 |   141
           Lab |       0 |    4604 |   0.0 |       0 |       9 |   0.0 |   894
         IceCv |       0 |    2629 |   0.0 |       0 |      11 |   0.0 |   280
               +---------+---------+-------+---------+---------+-------+---------
